 Dungeon Crawl Stone Soup version 0.20.2-3-g29329e0561 (webtiles) character file.

324 Alfie the Shield-Bearer (level 6, -1/53 HPs)
             Began as a Minotaur Fighter on Sept 15, 2020.
             Slain by an ogre
             ... wielding a +0 giant spiked club
              (4 damage)
             ... on level 5 of the Dungeon.
             The game lasted 00:07:54 (2839 turns).

Alfie the Shield-Bearer (Minotaur Fighter)          Turns: 2839, Time: 00:07:55

Health: -1/53      AC:  9    Str: 22    XL:     6   Next: 23%
Magic:  5/5        EV:  8    Int:  5    God:
Gold:   198        SH:  9    Dex:  6    Spells: 5/5 levels left

rFire    . . .     SeeInvis .   a - +0 long sword
rCold    . . .     Gourm    .   c - +0 shield
rNeg     . . .     Faith    .   b - +1 scale mail
rPois    .         Spirit   .   (helmet restricted)
rElec    +         Reflect  .   (no cloak)
rCorr    .         Harm     .   l - +0 pair of gloves
MR       .....                  (no boots)
Stlth    ..........             (no amulet)
Regen    0.2/turn               t - ring of Xom's Full Attention {+Blink +Fly rElec Dex-4}
MPRegen  0.1/turn               (no ring)

@: no status effects
A: retaliatory headbutt, horns 2
a: Evoke Blink, Evoke Flight


You were on level 5 of the Dungeon.
You were not hungry.

You visited 1 branch of the dungeon, and saw 5 of its levels.

You collected 198 gold pieces.

Inventory:

Hand Weapons
 a - a +0 long sword (weapon)
Armour
 b - a +1 scale mail (worn)
 c - a +0 shield (worn)
 l - a +0 pair of gloves (worn)
Jewellery
 e - an uncursed amulet of magic regeneration
 s - an uncursed ring of protection from cold
 t - the ring of Xom's Full Attention (left hand) {+Blink +Fly rElec Dex-4}
   (You found it on level 4 of the Dungeon)

   [ring of flight]

   It affects your dexterity (-4).
   It insulates you from electricity.
   It lets you fly.
   It lets you blink.
Wands
 m - a wand of paralysis (15/24)
Scrolls
 h - 2 scrolls of remove curse
 k - a scroll of amnesia
 o - a scroll of teleportation
Potions
 d - 4 potions of might
 g - a potion of curing {unknown}
 i - a potion of magic {unknown}
 j - a potion of degeneration {unknown}
 n - a potion of cancellation {unknown}
 q - a potion of flight
 r - a potion of resistance
 w - 2 potions of brilliance {unknown}
Comestibles
 f - 3 bread rations
 p - 2 meat rations


   Skills:
 + Level 4.6 Fighting
 + Level 4.8 Long Blades
 + Level 5.0 Armour
 + Level 1.2 Dodging
 + Level 0.3 Stealth
 + Level 5.3 Shields


You had 5 spell levels left.
You didn't know any spells.

Dungeon Overview and Level Annotations

Branches:
Dungeon (5/15)
 Temple: D:4-7

Altars:
Ashenzari
Okawaru
Qazlal
Trog
Uskayaw


Innate Abilities, Weirdness & Mutations

You reflexively headbutt those who attack you in melee.
You have a pair of horns on your head.


Message History

You found a shaft!
You see here a jewelled leather armour.
An ogre comes into view. It is wielding a giant spiked club.
The ogre shouts!
The ogre hits you with a giant spiked club!
You block the ogre's attack.
You barely miss the ogre.
You headbutt the ogre, but do no damage.
The ogre barely misses you.
You closely miss the ogre.
The ogre hits you with a giant spiked club!
You barely miss the ogre.
The ogre hits you with a giant spiked club!!
* * * LOW HITPOINT WARNING * * *
You hit the ogre.
The ogre is lightly wounded.
You hit the ogre.
The ogre is moderately wounded.
The ogre hits you with a giant spiked club.
You die...

..... ......
#######+####......
#...............#
#...............#
#.<.^...........#
#...............#
#..@...[........##
.......$O.###+#.......#
..........#...'.......#
..........#...#.......#
..........#...#.......#
..........#+###.......#
###########.####'#.....#
........#.....#
........#.....#


You could see an ogre.

Vanquished Creatures
  An ogre (D:4)
  A hound (D:4)
  An orc priest (D:4)
  A centaur skeleton (D:4)
  Robin (D:2)
  4 adders
  An ooze (D:3)
  A worm (D:4)
  3 dart slugs
  5 leopard geckos
  3 orcs (D:4)
  A ball python (D:1)
  7 bats
  5 giant cockroaches
  10 goblins
  11 hobgoblins
  8 jackals
  4 quokkas
  3 frilled lizards
  6 kobolds
  5 rats
82 creatures vanquished.

Notes
Turn   | Place    | Note
-------+----------+-------------------------------------------
     0 | D:1      | Alfie the Minotaur Fighter began the quest for the Orb.
     0 | D:1      | Reached XP level 1. HP: 19/19 MP: 0/0
   179 | D:1      | Reached XP level 2. HP: 27/27 MP: 1/1
   554 | D:2      | Reached XP level 3. HP: 17/33 MP: 2/2
   997 | D:2      | Noticed Robin
  1018 | D:2      | Killed Robin
  1018 | D:2      | Reached XP level 4. HP: 32/40 MP: 3/3
  1078 | D:2      | Found a hide-covered altar of Uskayaw.
  1140 | D:2      | Found a stormy altar of Qazlal.
  1276 | D:2      | Reached skill level 1 in Dodging
  2003 | D:3      | Found an iron altar of Okawaru.
  2009 | D:3      | Found a bloodstained altar of Trog.
  2196 | D:4      | Reached XP level 5. HP: 42/47 MP: 4/4
  2229 | D:4      | Noticed an ogre
  2236 | D:4      | Killed an ogre
  2236 | D:4      | Reached skill level 5 in Shields
  2351 | D:4      | Reached XP level 6. HP: 12/53 MP: 5/5
  2440 | D:4      | Got a smoking bronze ring
  2628 | D:4      | Reached skill level 5 in Armour
  2638 | D:4      | Found a shattered altar of Ashenzari.
  2660 | D:4      | Identified the ring of Xom's Full Attention {+Blink +Fly rElec Dex-4} (You found it on level 4 of the Dungeon)
  2805 | D:5      | Entered Level 5 of the Dungeon
  2839 | D:5      | Slain by an ogre

Skill      XL: |  1  2  3  4  5  6 |
---------------+-------------------+-----
Fighting       | 4 |  4.6
Shields        | 4 5 |  5.3
Armour         | 4 5 |  5.0
Long Blades    | 3 4 |  4.8
Dodging        | 1 |  1.2
Stealth        | |  0.3

Action                   |  1- 3 |  4- 6 || total
-------------------------+-------+-------++-------
Melee: Long sword        |    97 |   104 ||   201
       Headbutt          |    11 |    20 ||    31
  Use: Scroll            |     7 |     6 ||    13
       Potion            |     4 |       ||     4
  Eat: Royal jelly       |       |     3 ||     3
Armor: Scale mail        |    64 |    40 ||   104
Dodge: Dodged            |    27 |    37 ||    64
Block: Shield            |    75 |    58 ||   133
       Rpst.: Long sword |    12 |    12 ||    24
